 Dungeon Crawl Stone Soup version 0.29.1-1-gd02db6906a (webtiles) character file.

Game seed: 3243307564504967345

94 Godmorgon the Conjurer (level 4, -5/24 HPs)
             Began as a Tengu Conjurer on Oct 9, 2022.
             Killed from afar by an orc wizard (10 damage)
             ... with a magic dart
             ... on level 3 of the Dungeon.
             The game lasted 00:11:53 (2031 turns).

Godmorgon the Conjurer (Tengu Conjurer)             Turns: 2031, Time: 00:11:54

Health: -5/24      AC:  6    Str:  5 (7)  XL:     4   Next: 63%
Magic:  2/10       EV: 12    Int: 17 (20) God:
Gold:   138        SH:  0    Dex: 12 (13) Spells: 4/10 levels left

rFire   . . .      SeeInvis .   a - +1 dagger (pain)
rCold   . . .      Faith    .   (no shield)
rNeg    . . .      Spirit   .   c - +0 robe
rPois   .          Reflect  .   (helmet restricted)
rElec   .          Harm     .   (no cloak)
rCorr   .          Rampage  .   (no gloves)
Will    +....                   (boots unavailable)
Stlth   +.........              k - amulet of the acrobat
HPRegen 0.08/turn               (no ring)
MPRegen 0.12/turn               (no ring)

@: confused, mighty
A: beak, talons 3, iridescent scales 2, strong-willed 1, subdued magic 1
a: no special abilities


You were on level 3 of the Dungeon.
You visited 1 branch of the dungeon, and saw 3 of its levels.

You collected 138 gold pieces.

Inventory:

Hand Weapons
 a - a +1 dagger of pain (weapon)
Missiles
 e - 6 poisoned darts
Armour
 c - a +0 robe (worn)
Jewellery
 h - an amulet of faith
 j - an amulet of reflection
 k - an amulet of the acrobat (around neck)
Scrolls
 d - 4 scrolls of identify
 f - 3 scrolls of teleportation
 m - a scroll of blinking {unknown}
 o - a scroll of vulnerability {unknown}
 p - 2 scrolls of immolation {unknown}
 q - a scroll of enchant armour {unknown}
Potions
 b - a potion of magic
 g - 2 potions of mutation
 l - 2 potions of degeneration
 n - a potion of resistance {unknown}
 r - a potion of brilliance {unknown}
 s - a potion of haste {unknown}
 t - a potion of ambrosia {unknown}


   Skills:
 - Level 2.1 Dodging
 - Level 2.0 Stealth
 * Level 3.5 Spellcasting
 + Level 6.1 Conjurations
 + Level 1.0 Air Magic
 + Level 0.4 Earth Magic


You had 4 spell levels left.
You knew the following spells:

 Your Spells              Type           Power      Damage    Failure   Level
d - Magic Dart            Conj           72%        1d6       1%          1
s - Searing Ray           Conj           36%        2d5       1%          2
S - Stone Arrow           Conj/Erth      20%        3d8       11%         3

Your spell library contained the following spells:

 Spells                   Type           Power      Damage    Failure   Level
 Static Discharge         Conj/Air       11%        3-5/arc   4%          2
 Dazzling Flash           Conj/Hex       20%        N/A       12%         3
 Fulminant Prism          Conj/Hex       5%         3d7       38%         4
 Iskenderun's Mystic Bla  Conj/Tloc      10%        2d4       38%         4
 Ozocubu's Armour         Ice            2%         N/A       41%         3
 Animate Armour           Summ/Erth      4%         N/A       80%         4
 Lightning Bolt           Conj/Air       5%         1d17      67%         5
 Ozocubu's Refrigeration  Ice            1%         4d7       100%        7
 Lehudib's Crystal Spear  Conj/Erth      5%         10d3      100%        8
 Maxwell's Capacitive Co  Air            2%         ∞         100%        8


Dungeon Overview and Level Annotations

Branches:
Dungeon (3/15)

Altars:


Innate Abilities, Weirdness & Mutations

You have a beak for a mouth.
You have claws for feet.
You are mostly covered in iridescent scales. (AC +4)
You are strong-willed. (Will+)
Your spells are a little easier to cast, but a little less powerful.


Message History

You miss something. Your kick misses something. Something hits you.
You hit something but do no damage. Your kick misses something.
Something hits you.
Casting: Searing Ray (safe; 1% risk of failure)
Confirm with . or Enter, or press ? or * to list all spells.
Okay, then.
Something closely misses you.
Okay, then.
As you read the scroll labelled QICWAECS ZUOSO, it crumbles to dust.
It is a scroll of identify.
f - 3 scrolls of teleportation Something hits you but does no damage.
You miss something.
You hear some strange, mumbled words.
You are confused.
You are too confused!
Okay, then.
You bump into the rock wall.
You hear some strange, mumbled words.
A puff of flame appears from out of thin air!
The puff of flame hits you!
* * * LOW HITPOINT WARNING * * *
You hear some strange, mumbled words.
You are more confused.
It was a potion of mutation.
You feel extremely strange.
Iridescent scales grow over part of your body.
You feel strong-willed.
Your connection to magic feels subdued.
Iridescent scales spread over more of your body.
It was a potion of degeneration.
There was something very wrong with that liquid.
You feel weakened.
You feel dopey.
You feel clumsy. Something hits you.
* * * LOW HITPOINT WARNING * * *
Okay, then.
It was a potion of might.
You feel very mighty all of a sudden.
You hear some strange, mumbled words.
A magic dart appears from out of thin air!
The magic dart hits you!
You die...

###.#.#..........>.....
.........###.##########
###.##..# #.#
.########.##.[# #.#
...)......##..###.#
######.#†........#
#.####..##### #.####..#
#...{@..# #######.# .#
.# .#


There were no monsters in sight!

Vanquished Creatures
  5 adders
  A worm (D:3)
  A dart slug (D:1)
  2 orcs (D:3)
  4 ball pythons
  2 bats
  5 endoplasms
  3 giant cockroaches
  4 goblins
  3 hobgoblins
  A quokka (D:3)
  4 frilled lizards
  6 kobolds
  3 rats
44 creatures vanquished.

Notes
Turn   | Place    | Note
-------+----------+-------------------------------------------
     0 | D:1      | Godmorgon the Tengu Conjurer began the quest for the Orb.
     0 | D:1      | Reached XP level 1. HP: 10/10 MP: 4/4
   175 | D:1      | Reached XP level 2. HP: 15/15 MP: 1/6
   365 | D:1      | Learned a level 2 spell: Searing Ray
   853 | D:2      | Reached XP level 3. HP: 19/19 MP: 1/8
  1261 | D:2      | Learned a level 3 spell: Stone Arrow
  1393 | D:2      | Reached skill level 6 in Conjurations
  1393 | D:2      | Reached XP level 4. HP: 24/24 MP: 3/10
  1482 | D:3      | Found a faded altar of an unknown god.
  2013 | D:3      | Reached skill level 1 in Air Magic
  2029 | D:3      | Gained mutation: You are partially covered in iridescent
                  | scales. (AC +2) [potion of mutation]
  2029 | D:3      | Gained mutation: You are strong-willed. (Will+) [potion of
                  | mutation]
  2029 | D:3      | Gained mutation: Your spells are a little easier to cast,
                  | but a little less powerful. [potion of mutation]
  2029 | D:3      | Gained mutation: You are mostly covered in iridescent
                  | scales. (AC +4) [potion of mutation]
  2031 | D:3      | Killed from afar by an orc wizard

Illustrated notes

Levels and vault maps discovered:
D:1:      dpeg_arrival_refuge, layout_basic
D:2:      layout_rooms
D:3:      layout_loops_ring, dreamdust_ecumenical_altar_angels_and_demons,
          uniq_natasha, uniq_jessica

Skill      XL: |  1  2  3  4 |
---------------+-------------+-----
Spellcasting   | 3 |  3.5
Conjurations   | 6 |  6.1
Air Magic      | 1 |  1.0
Dodging        | |  2.1
Stealth        | |  2.0
Earth Magic    | |  0.4

Action                   |  1- 3 |  4- 6 || total
-------------------------+-------+-------++-------
Melee: Dagger            |     1 |     3 ||     4
 Cast: Magic Dart        |    41 |    20 ||    61
       Searing Ray       |     5 |     8 ||    13
  Use: Potion            |       |     3 ||     3
       Scroll            |       |     1 ||     1
Armor: Robe              |     1 |     1 ||     2
Dodge: Dodged            |     3 |     2 ||     5
